Cogmind - Beta 11.1 @@@ ROGUE MODE // 2022.05.29 @ 15:42:44 Player: Boris Result: Destroyed by S-10 Pest with Light Assault Rifle Performance ------------- Evolutions (1) 500 Regions Visited (6) 1200 Robots Destroyed (57) 285 Value Destroyed (959) 959 Prototype IDs (31) 620 Alien Tech Used (0) 0 Bonus (244) 244 TOTAL SCORE: 3808 Bonus ------- Follower Combat Kills 60 Aligned with FarCom 300 Friendly Fire -116 Cogmind --------- Core Integrity 0/400 Matter 96/300 Energy 125/125 System Corruption 10% Temperature Cool (12) Movement Walking (190) Ox1 Location -8/Mines Parts ------- > --- POWER (1) -------- Light Ion Engine > --- PROPULSION (2) --- Advanced Myomer Leg Advanced Myomer Leg > --- UTILITY (4) ------ Huge Storage Unit Improved Targeting Computer Advanced Weapon Cycler Hardened Light Armor Plating > --- WEAPON (2) ------- 8R-AWN's Boregun Axe > --- INVENTORY (25) --- Cold Fusion Reactor Reinforced Fission Core Light Treads Light Treads Transport Network Coupler Advanced Launcher Guidance Computer Improved Target Analyzer Experimental Core Analyzer Improved Armor Integrity Analyzer Improved System Guard System Purifier Improved Trap Extractor (1/6 Dirty Bomb) Trap Reconfigurator Advanced Recalibrator PSU Rigger EM Pulse Cannon Ion Cannon Improved Assault Rifle Minigun Minigun AWS/Gauss 8R-AWN's Boregun Mini Grenade Launcher Deploy-a-Sentry Peak State ------------ > --- POWER ------------ Light Ion Engine > --- PROPULSION ------- Advanced Myomer Leg Advanced Myomer Leg > --- UTILITY ---------- Improved Heat Sink Huge Storage Unit Improved Targeting Computer Advanced Weapon Cycler > --- WEAPON ----------- 8R-AWN's Boregun 8R-AWN's Boregun > --- INVENTORY -------- Reinforced Fission Core Light Treads Light Treads Improved Targeting Computer Improved Targeting Computer Hardened Light Armor Plating Trap Reconfigurator PSU Rigger EM Pulse Cannon Ion Cannon Improved Assault Rifle Improved Assault Rifle Improved Assault Rifle Improved Assault Rifle Improved Assault Rifle Minigun Minigun AWS/Gauss Rocket Launcher Mini Grenade Launcher Axe [Rating: 59] Favorites ----------- Power Light Ion Engine Engine Light Ion Engine Power Core Light Nuclear Core Reactor Cold Fusion Reactor Propulsion Wheel Treads Light Treads Leg Advanced Myomer Leg Wheel Wheel Utility Improved Targeting Computer Device Improved Heat Sink Storage Huge Storage Unit Processor Improved Targeting Computer Protection Hardened Light Armor Plating Weapon Improved Assault Rifle Ballistic Gun Improved Assault Rifle Launcher Mini Grenade Launcher Slashing Weapon Axe Build | -11 -10 -10 -9 -9 -9 -8 ------- Run | Scr Mat Min Mat Min Exi Min Slots Evolved 2 | . . . 2 . . . Power . | . . . . . . . Propulsion . | . . . . . . . Utility 2 | . . . 2 . . . Weapon . | . . . . . . . Parts Attached 65 | 5 9 7 13 5 26 . Power 8 | 1 . 2 2 . 3 . Engine 6 | 1 . 1 2 . 2 . Core 1 | . . 1 . . . . Reactor 1 | . . . . . 1 . Propulsion 16 | 2 5 . 4 1 4 . Treads 4 | 2 . . . 1 1 . Leg 5 | . 3 . . . 2 . Wheel 7 | . 2 . 4 . 1 . Hover . | . . . . . . . Flight . | . . . . . . . Utility 17 | . 3 1 4 1 8 . Device 5 | . . 1 1 . 3 . Storage 3 | . 2 . . . 1 . Processor 3 | . . . 1 1 1 . Hackware . | . . . . . . . Protection 6 | . 1 . 2 . 3 . Artifact . | . . . . . . . Weapon 24 | 2 1 4 3 3 11 . Energy Gun . | . . . . . . . Energy Cannon . | . . . . . . . Ballistic Gun 17 | 2 1 2 3 1 8 . Ballistic Cannon . | . . . . . . . Launcher 5 | . . 2 . 2 1 . Special Weapon . | . . . . . . . Impact Weapon . | . . . . . . . Slashing Weapon 2 | . . . . . 2 . Piercing Weapon . | . . . . . . . Special Melee Weapon . | . . . . . . . Unidentified Prototypes 6 | . . . 2 . 4 . Parts Lost 15 | . 2 . 1 2 10 . Power 1 | . . . . . 1 . Propulsion 6 | . 1 . 1 1 3 . Utility 5 | . . . . 1 4 . Weapon 3 | . 1 . . . 2 . Highest Loss Streak 6 | . 1 . 1 2 6 . To Critical Strikes 4 | . . . . . 4 . Average Slot Usage (%) 92 | . 88 100 98 97 86 . Engine 10 | . 14 12 5 11 10 . Core 1 | . . 1 5 . . . Treads 3 | . 1 . . . 6 . Leg 6 | . 20 . . . 9 . Wheel 13 | . 6 28 22 20 5 . Device 7 | . . 5 11 9 8 . Storage 10 | . 14 14 11 11 9 . Processor 10 | . . . 10 11 16 . Protection 8 | . 2 8 11 11 7 . Ballistic Gun 16 | . 28 26 22 20 7 . Slashing Weapon 1 | . . . . . 4 . Naked Turns . | . . . . . . . Heaviest Build 106 | 6 106 91 100 100 99 . Greatest Support 60 | 40 40 20 26 26 60 . Greatest Overweight (x) 10 | . 10 4 4 6 6 . Average Overweight (x) 2 | . . 4 3 3 2 . Largest Inventory Capacity 25 | 5 25 25 25 25 25 25 Average Capacity 22 | 5 17 25 25 25 21 25 Most Carried 25 | 3 17 24 25 25 25 25 Average Carried 19 | 1 12 21 24 24 18 25 Final Capacity 25 | 5 25 25 25 25 25 25 Final Carried 25 | 3 17 24 25 25 25 25 Class Distribution -------------------- 77% | Mutant 22% | Scavenger-Mutant Dominant Class ---------------- Mutant | -10/Materials Scavenger-Mutant | -10/Mines Mutant | -9/Materials Mutant | -9/Mines Mutant | -9/Exiles Mutant | -8/Mines Resources | -11 -10 -10 -9 -9 -9 -8 ----------- Run | Scr Mat Min Mat Min Exi Min Matter Collected 1835 | 225 233 139 363 102 773 . Remotely . | . . . . . . . Salvage Created 1873 | . 402 106 660 97 608 . Parts 165 | . 33 11 40 5 76 . Haulers Intercepted 1 | . . . 1 . . . Recyclers Shooed 2 | . 1 . 1 . . . Parts Field Recycled . | . . . . . . . Retrieved Matter . | . . . . . . . Parts Self-Destructed . | . . . . . . . Prevented . | . . . . . . . Kills | -11 -10 -10 -9 -9 -9 -8 ------- Run | Scr Mat Min Mat Min Exi Min Combat Hostiles Destroyed 35 | . 7 5 13 7 3 . Melee 1 | . . . . . 1 . Guns 23 | . 7 1 13 2 . . AOE 11 | . . 4 . 5 2 . Classes Destroyed 13 | . 6 . 2 3 2 . Worker 6 | . 5 1 . . . . Builder 3 | . 2 . 1 . . . Hauler 1 | . . . 1 . . . Recycler 3 | . 1 1 1 . . . Operator 2 | . 1 . 1 . . . Turret 1 | . . . . . 1 . Swarmer 14 | . 3 5 6 . . . Grunt 9 | . 4 . 3 2 . . Duelist 1 | . . . . 1 . . Sentry 4 | . . . 4 . . . Demolisher 1 | . . . . 1 . . Zionite 8 | . . . . . 8 . Assembled 5 | . . . . 3 2 . Thug 1 | . . . 1 . . . Best Kill Streak 6 | . 6 3 4 3 5 . Combat Bots Only 3 | . 3 3 3 3 2 . Max Kills in Single Turn 2 | . 2 2 1 2 1 . Gunslinging . | . . . . . . . Exploded 2 | . . 2 . 2 1 . Melee 1 | . . . . . 1 . Uniques/NPCs Destroyed 4 | . . . . . 4 . 8R-AWN (-9/Exiles) EX-HEX (-9/Exiles) EX-BIN (-9/Exiles) EX-DEC (-9/Exiles) Combat | -11 -10 -10 -9 -9 -9 -8 -------- Run | Scr Mat Min Mat Min Exi Min Damage Taken 2791 | . 463 92 569 339 1279 49 Core 506 | . 98 4 109 41 240 14 Absorbed by Shields . | . . . . . . . Core Remaining (%) 79 | 100 . 59 . . . . Volleys Fired 184 | . 33 13 41 12 83 2 Largest 2 | . 2 2 2 2 2 1 Hottest 60 | . 40 40 46 46 60 30 Shots Fired 298 | . 66 24 80 18 108 2 Gun 286 | . 66 22 80 12 104 2 Cannon . | . . . . . . . Launcher 12 | . . 2 . 6 4 . Special . | . . . . . . . Kinetic 286 | . 66 22 80 12 104 2 Thermal . | . . . . . . . Explosive 12 | . . 2 . 6 4 . Electromagnetic . | . . . . . . . Robot Hit Streak 16 | . 9 5 13 9 16 . Robot Miss Streak 4 | . 4 3 2 1 4 2 Penetration Max 1 | . . . . . 1 . Secondary Targets 2 | . . . 2 . . . Max Gunslinging Chain 1 | . . . 1 . . . Shots Hit Robots 220 | . 39 13 60 11 97 . Core Hits 102 | . 26 10 24 14 28 . Critical Kills 9 | . . . 2 . 7 . Critical Parts Destroyed 9 | . . 1 . . 8 . Critical Strikes 22 | . . 1 2 . 19 . Destroy 19 | . . 1 2 . 16 . Sever 3 | . . . . . 3 . Melee Attacks 32 | . . . . . 32 . Impact . | . . . . . . . Slashing 32 | . . . . . 32 . Piercing . | . . . . . . . Sneak Attacks . | . . . . . . . Combat Hostiles . | . . . . . . . Follow-up Attacks . | . . . . . . . Damage Inflicted 4925 | . 515 380 995 568 2467 . Guns 2934 | . 450 142 995 122 1225 . Cannons . | . . . . . . . Explosions 920 | . 61 238 . 446 175 . Melee 1060 | . . . . . 1060 . Ramming 11 | . 4 . . . 7 . Kinetic 2934 | . 450 142 995 122 1225 . Thermal 24 | . . . . 24 . . Explosive 896 | . 61 238 . 422 175 . Electromagnetic . | . . . . . . . Impact . | . . . . . . . Slashing 1060 | . . . . . 1060 . Piercing . | . . . . . . . Highest Corruption 10 | . . . 9 9 10 10 Average Corruption 9 | . . . 6 9 9 10 Corruption Purged . | . . . . . . . Corruption Blocked . | . . . . . . . Effects 99 | . . . 8 11 79 1 Message Errors 27 | . . . 1 2 23 1 Matter Fused 22 | . . . 1 2 19 . Heat Flow Errors 10 | . . . 1 . 9 . Energy Discharges 16 | . . . 2 3 11 . Data Loss (minor) 13 | . . . 1 2 10 . Data Loss (major) 5 | . . . . 2 3 . Misfires 2 | . . . . . 2 . Weapon Failures 4 | . . . 2 . 2 . Overload Shots . | . . . . . . . Overflow Damage 71 | . 8 . . 29 34 . Projectiles . | . . . . . . . Explosions 49 | . 8 . . 29 12 . Melee 22 | . . . . . 22 . Knockbacks . | . . . . . . . Impact . | . . . . . . . Kinetic . | . . . . . . . Secondary . | . . . . . . . Self-Inflicted Damage 202 | . 154 8 . 38 2 . Shots 4 | . 2 1 . 1 . . Rammed 3 | . . . . . 3 . Targets Rammed 4 | . 1 . . . 3 . Kicked 1 | . 1 . . . . . Crushed . | . . . . . . . Highest Temperature 248 | . 52 10 248 10 247 12 Average Temperature 56 | . 21 7 39 6 100 12 Received Heat Transfer 324 | . 135 . 153 27 9 . Effects 1 | . . . . . 1 . Energy Bleed 1 | . . . . . 1 . Siege Activations . | . . . . . . . Robots Corrupted . | . . . . . . . Combat Hostiles . | . . . . . . . Parts Fried . | . . . . . . . Impact Corruptions . | . . . . . . . Robots Melted . | . . . . . . . Combat Hostiles . | . . . . . . . Parts Melted 1 | . . . 1 . . . Heat Transferred 50 | . . . . 50 . . Parts Sabotaged . | . . . . . . . Parts Stolen . | . . . . . . . Parts Stripped . | . . . . . . . Power Chain Reactions . | . . . . . . . Missiles Intercepted . | . . . . . . . Alert | -11 -10 -10 -9 -9 -9 -8 ------- Run | Scr Mat Min Mat Min Exi Min Peak Influence 322 | . 322 262 271 302 . 16 Initial 81 | . . 81 . 36 . . Average 119 | . 140 140 83 118 . 11 Maximum Alert Level 1 | . 1 1 1 1 . . Low Security (%) 74 | 100 78 63 91 66 . 100 Level 1 25 | . 21 36 8 33 . . Level 2 . | . . . . . . . Level 3 . | . . . . . . . Level 4 . | . . . . . . . Level 5 . | . . . . . . . High Security . | . . . . . . . Max Security . | . . . . . . . Squads Dispatched 3 | . 1 1 1 . . . Investigation 2 | . 1 1 . . . . Extermination . | . . . . . . . Reinforcement 1 | . . . 1 . . . Assault . | . . . . . . . Garrison . | . . . . . . . Intercept . | . . . . . . . Searches Triggered . | . . . . . . . Construction Impeded . | . . . . . . . Haulers Reinforced . | . . . . . . . Active Scanning Responses . | . . . . . . . Cargo Convoy Interrupts . | . . . . . . . Stealth | -11 -10 -10 -9 -9 -9 -8 --------- Run | Scr Mat Min Mat Min Exi Min Distress Signals 5 | . 2 . 3 . . . Communications Jammed . | . . . . . . . Distress Signals . | . . . . . . . Times Spotted 70 | . 14 7 22 10 13 4 Peak Tracking Total 9 | . 5 3 5 4 9 4 Tactical Retreats 2 | . . . . . 2 . Traps | -11 -10 -10 -9 -9 -9 -8 ------- Run | Scr Mat Min Mat Min Exi Min Traps Triggered 2 | . . . 2 . . . Indirectly . | . . . . . . . Trap Hack Attempts . | . . . . . . . Triggered . | . . . . . . . Disarmed . | . . . . . . . Reprogrammed . | . . . . . . . Reused . | . . . . . . . Traps Extracted 1 | . . 1 . . . . Installed . | . . . . . . . Triggered 1 | . . 1 . . . . Most Traps Carried 1 | . . 1 1 1 1 . Exploded 3 | . . . . . 3 . Machines | -11 -10 -10 -9 -9 -9 -8 ---------- Run | Scr Mat Min Mat Min Exi Min Machines Disabled 18 | . 3 . 1 1 13 . Max in Single Turn 2 | . 2 . . 1 2 . Machines Sabotaged . | . . . . . . . Garrisons Compromised . | . . . . . . . Overloaded Fab Kills . | . . . . . . . Hacking | -11 -10 -10 -9 -9 -9 -8 --------- Run | Scr Mat Min Mat Min Exi Min Machines Accessed 11 | . 4 2 3 . 2 . Terminals 7 | . 3 1 3 . . . Fabricators . | . . . . . . . Repair Stations . | . . . . . . . Recycling Units 1 | . 1 . . . . . Scanalyzers . | . . . . . . . Garrison Access . | . . . . . . . Total Hacks 27 | . 10 4 11 . 2 . Successful 18 | . 7 3 6 . 2 . Failed 9 | . 3 1 5 . . . Catastrophic 1 | . . . 1 . . . Database Lockouts . | . . . . . . . Manual 20 | . 5 4 10 . 1 . Terminals 23 | . 9 3 11 . . . Fabricators . | . . . . . . . Repair Stations . | . . . . . . . Recycling Units 1 | . 1 . . . . . Scanalyzers . | . . . . . . . Garrison Access . | . . . . . . . Terminal Hacks 15 | . 6 1 6 . 2 . Record 1 | . . . . . 1 . Part Schematic 1 | . 1 . . . . . Robot Analysis 4 | . 3 . 1 . . . Prototype ID Bank 1 | . . . 1 . . . Open Door 1 | . . 1 . . . . Branch Access Points 2 | . 1 . 1 . . . Unreport Threat 1 | . . . 1 . . . Hauler Manifests 1 | . . . 1 . . . Registered Prototypes 1 | . 1 . . . . . Zone Layout 1 | . . . 1 . . . EX-Prototype ID Bank 1 | . . . . . 1 . Fabricator Hacks . | . . . . . . . Repair Station Hacks . | . . . . . . . Recycling Unit Hacks . | . . . . . . . Scanalyzer . | . . . . . . . Garrison Access Hacks . | . . . . . . . Unauthorized Hacks 3 | . 1 2 . . . . Terminals 2 | . . 2 . . . . Detonate 1 | . . 1 . . . . Sabotage 1 | . . 1 . . . . Fabricators . | . . . . . . . Repair Stations . | . . . . . . . Recycling Units 1 | . 1 . . . . . Tunnel 1 | . 1 . . . . . Scanalyzers . | . . . . . . . Garrison Access . | . . . . . . . Data Cores Recovered 2 | . 1 . 1 . . . Used 1 | . . . 1 . . . Hacking Detections 7 | . 3 1 3 . . . Full Trace Events . | . . . . . . . Feedback Events . | . . . . . . . Feedback Blocked . | . . . . . . . Robot Schematics Acquired . | . . . . . . . Robots Built . | . . . . . . . Authchips . | . . . . . . . Time . | . . . . . . . Total Robot Build Rating . | . . . . . . . Part Schematics Acquired 1 | . 1 . . . . . Parts Built . | . . . . . . . Authchips . | . . . . . . . Time . | . . . . . . . Total Part Build Rating . | . . . . . . . Parts Repaired . | . . . . . . . Time . | . . . . . . . Parts Recycled . | . . . . . . . Recycled Matter . | . . . . . . . Retrieved Matter . | . . . . . . . Retrieved Components . | . . . . . . . Parts Scanalyzed . | . . . . . . . Part Schematics Acquired . | . . . . . . . Parts Damaged . | . . . . . . . Bothacking | -11 -10 -10 -9 -9 -9 -8 ------------ Run | Scr Mat Min Mat Min Exi Min Used RIF Installer . | . . . . . . . Robots Hacked . | . . . . . . . Non-combat . | . . . . . . . Combat . | . . . . . . . Robot Hacks Applied . | . . . . . . . Relay Couplers Released . | . . . . . . . Fabnet Peak Effective % . | . . . . . . . Robots Rewired . | . . . . . . . Allies Hacked . | . . . . . . . Hacks Repelled . | . . . . . . . Allies | -11 -10 -10 -9 -9 -9 -8 -------- Run | Scr Mat Min Mat Min Exi Min Total Allies 2 | . . 2 . . . . Largest Group 2 | . . 2 2 . . . Highest-Rated Group 37 | . . 37 37 . . . Highest-Rated Ally 31 | . . 31 31 . . . Total Orders . | . . . . . . . Ally Attacks 8 | . . 5 3 . . . Total Damage 123 | . . 103 20 . . . Kills 2 | . . 2 . . . . Allies Corrupted . | . . . . . . . Allies Melted . | . . . . . . . Intel | -11 -10 -10 -9 -9 -9 -8 ------- Run | Scr Mat Min Mat Min Exi Min Robot Analysis Total 4 | . 3 . 1 . . . Derelict Logs Recovered 2 | . . 2 . . . . Drone Launches . | . . . . . . . Drone Recoveries . | . . . . . . . Exploration | -11 -10 -10 -9 -9 -9 -8 ------------- Run | Scr Mat Min Mat Min Exi Min Turns Passed 4647 | 64 480 884 551 446 2219 3 Spaces Moved 2473 | 43 273 541 254 279 1083 . Core 19 | 13 . . . . 6 . Treads 47 | 30 11 . . . 6 . Legs 614 | . 213 . . . 401 . Wheels 1793 | . 49 541 254 279 670 . Hover . | . . . . . . . Flight . | . . . . . . . Fastest Speed 50 | 50 120 140 135 135 100 . Average Speed 151 | 126 130 140 135 139 171 . Slowest Speed 400 | 160 400 140 140 190 300 . Overloaded Moves . | . . . . . . . Propulsion Burnouts . | . . . . . . . Robots Hopped . | . . . . . . . Cave-ins Triggered . | . . . . . . . Exploration Rate (%) 45 | 4 47 97 31 49 89 2 Regions Visited 6 Branch Regions 4 Pre-discovered Areas 4 | . 1 1 . 1 1 . Known Exits Taken 2 | . 1 . 1 . . . Unknown Exits Taken 4 | 1 . 1 . 1 1 . Scrap Searched 2 | . . 1 . 1 . . Spaces Dug 11 | . . 10 . . 1 . Terrain Destroyed 145 | . 27 12 . 71 34 1 Melee 1 | . . . . . 1 . Projectile 12 | . . . . . 11 1 AOE 130 | . 27 12 . 71 20 . Terrain Rammed . | . . . . . . . Walls Destroyed . | . . . . . . . Machines Disabled . | . . . . . . . Actions | -11 -10 -10 -9 -9 -9 -8 --------- Run | Scr Mat Min Mat Min Exi Min Total 3069 | 50 336 643 391 319 1328 2 Wait 164 | . 1 74 45 18 26 . Move 2467 | 42 272 540 253 278 1082 . Hop . | . . . . . . . Pick Up 85 | 3 16 7 17 2 40 . Fast Attach 31 | 5 5 1 6 . 14 . Attach 18 | . 3 . 5 2 8 . Detach 10 | . 1 . 1 2 6 . Swap 16 | . 1 6 2 3 4 . Drop 58 | . 3 2 21 2 30 . Fire 184 | . 33 13 41 12 83 2 Melee 32 | . . . . . 32 . Ram 3 | . . . . . 3 . Kick 1 | . 1 . . . . . Crush . | . . . . . . . Escape Stasis . | . . . . . . . Rewire . | . . . . . . . Trap . | . . . . . . . Miscellaneous . | . . . . . . . Route ------- -11/Scrapyard -10/Materials (discovered 3 exits: *Mat / *Min x2) -10/Mines (discovered 2 exits: *Mat x2) -9/Materials (discovered 3 exits: [*Mat] / *Min x2) -9/Mines (discovered 3 exits: [*Mat x2] / *Exi) -9/Exiles -8/Mines History --------- Turn | Location | Event 8 | -11/Scrapyard | Discovered new exit (range 15) 65 | -11/Scrapyard | Entered Materials 70 | -10/Materials | Identified exit to Mines 239 | -10/Materials | Discovered new exit (range 16) 306 | -10/Materials | Build established: Mutant 545 | -10/Materials | Entered Mines 751 | -10/Mines | Met a Derelict who couldn't figure out how to use a Trap Extractor 827 | -10/Mines | Received a Rocket Launcher from a helpful Derelict 835 | -10/Mines | Discovered new exit (range 11) 852 | -10/Mines | Build established: Scavenger-Mutant 1282 | -10/Mines | Discovered new exit (range 11) 1340 | -10/Mines | Learned location of Storage (-7) 1429 | -10/Mines | Entered Materials 1429 | -9/Materials | Accompanied by 2 allies 1429 | -9/Materials | Evolved 2 slots: Utility x2 1430 | -9/Materials | Identified exit to Mines 1434 | -9/Materials | Led the pair of lost Derelicts to an unsafe place 1750 | -9/Materials | Build established: Mutant 1978 | -9/Materials | Discovered new exit (range 16) 1980 | -9/Materials | Entered Mines 2003 | -9/Mines | Discovered new exit (range 6) 2063 | -9/Mines | Joined a pair of Derelicts in attacking an 0b10 outpost 2192 | -9/Mines | Discovered new exit (range 8) 2207 | -9/Mines | Deemed a non-threat by the Exiles lab entrance 2207 | -9/Mines | Discovered new exit (range 5) 2313 | -9/Mines | Assembled infested the area 2318 | -9/Mines | Assisted by a Guerilla fighting off Assembled 2426 | -9/Mines | Entered Exiles 2470 | -9/Exiles | Met 8R-AWN 2498 | -9/Exiles | Met EX-HEX 2552 | -9/Exiles | Met EX-BIN 2573 | -9/Exiles | Aligned with FarCom system 2575 | -9/Exiles | Given EX-Vault access code 2619 | -9/Exiles | Opened EX-Vault 2661 | -9/Exiles | Warned to stay clear of 0b10 Research branches 2710 | -9/Exiles | Met EX-DEC 2719 | -9/Exiles | Learned location of Zion (-6) 2781 | -9/Exiles | Discovered new exit (range 14) 3158 | -9/Exiles | Found AWS/Gauss 3161 | -9/Exiles | Found Trap Reconfigurator 3165 | -9/Exiles | Found PSU Rigger 3493 | -9/Exiles | Attacked by the Exiles 3541 | -9/Exiles | Core integrity fell below 50% 3653 | -9/Exiles | System corruption reached 10% 3663 | -9/Exiles | Lost 6 parts (1p2n2u1w) 3698 | -9/Exiles | Core integrity fell below 20% 3721 | -9/Exiles | Destroyed 8R-AWN 3745 | -9/Exiles | Lost 4 parts (1n2u1w) 3790 | -9/Exiles | Found Prototype Ballistic Gun 3790 | -9/Exiles | Identified 8R-AWN's Boregun 3794 | -9/Exiles | Found 8R-AWN's Boregun 4158 | -9/Exiles | Destroyed EX-HEX 4237 | -9/Exiles | Destroyed EX-BIN 4276 | -9/Exiles | Destroyed EX-DEC 4303 | -9/Exiles | Found Prototype Device 4303 | -9/Exiles | Identified System Purifier 4432 | -9/Exiles | Found Prototype Processor 4435 | -9/Exiles | Found Deploy-a-Sentry 4645 | -9/Exiles | Stole four prototypes: Trap Reconfigurator, PSU Rigger, AWS/Gauss, Deploy-a-Sentry 4645 | -9/Exiles | Entered Mines 4648 | -8/Mines | Destroyed by S-10 Pest with Light Assault Rifle Last Messages --------------- 04423_ TIV,GJOKKXSP FQA&7Z4WG4 04427_ Acquired Imp. Target Analyzer. 04430_ Discarded Imp. Targeting Computer. 04432_ Dropped Imp. Targeting Computer. 04432_ Acquired Prototype Processor. 04435_ Acquired Deploy-a-Sentry. 04438_ System corrupted: Energy discharge (-50). 04447_ Acquired 30 matter. 04466_ System corrupted: Matter fused (-7). 04513_ %JWCK6TM:3C743Z9D/S=I2& 04543_ System corrupted: Energy discharge (-40). 04571_ System corrupted: Component data lost. 04582_ Acquired 12 matter. 04598_ System corrupted: Heat flow error (+263). 04627_ 8UU|NLVMTR6ZUHPU9